 Dungeon Crawl Stone Soup version 0.25.1-2-g60ff931df9 (webtiles) character file.

Game seed: 2644723733100228730

5975 Exodus22XD the Party-goer (level 10, 76/76 HPs)
             Began as a Demonspawn Gladiator on Oct 31, 2020.
             Was a Follower of Uskayaw.
             Quit the game on level 9 of the Dungeon.
             The game lasted 00:15:36 (11884 turns).

Exodus22XD the Party-goer (Demonspawn Gladiator)   Turns: 11884, Time: 00:15:36

Health: 76/76      AC:  9    Str: 17    XL:     10   Next: 55%
Magic:  16/16      EV: 14    Int: 10    God:    Uskayaw [*.....]
Gold:   354        SH:  0    Dex: 21    Spells: 9/9 levels left

rFire    . . .     SeeInvis .   B - +1 spear (freeze)
rCold    + . .     Gourm    .   (no shield)
rNeg     . . .     Faith    .   n - +0 ring mail
rPois    .         Spirit   .   (helmet restricted)
rElec    .         Reflect  .   q - scarf {harm}
rCorr    .         Harm     +   j - +1 pair of gloves
MR       .....                  u - +0 pair of boots {Stlth+}
Stlth    ++++......             (no amulet)
HPRegen  0.22/turn              C - +6 ring of dexterity
MPRegen  0.15/turn              (no ring)

@: lightly drained
A: hooves 1, horns 1, cold resistance 1, demonic guardian 1
a: Stomp, Renounce Religion


You were on level 9 of the Dungeon.
You worshipped Uskayaw.
Uskayaw was aware of your devotion.
You were not hungry.

You visited 1 branch of the dungeon, and saw 9 of its levels.

You collected 515 gold pieces.
You spent 161 gold pieces at shops.

Inventory:

Hand Weapons
 m - a cursed +1 trident
 B - a +1 spear of freezing (weapon)
Missiles
 d - 5 throwing nets (quivered)
Armour
 j - a +1 pair of gloves (worn)
 n - a +0 ring mail (worn)
 q - a scarf of harm (worn)
 u - a +0 pair of boots of stealth (worn)
 F - a +0 buckler
Jewellery
 C - a +6 ring of dexterity (left hand)
Wands
 a - a wand of polymorph (4)
 c - a wand of enslavement (6)
 y - a wand of clouds (3)
 H - a wand of flame (13)
Scrolls
 b - 7 scrolls of identify {unknown}
 h - a scroll of noise {unknown}
 i - 4 scrolls of remove curse {unknown}
 l - a scroll of enchant armour {unknown}
 o - 3 scrolls of teleportation
 r - 3 scrolls of immolation {unknown}
 s - 2 scrolls of random uselessness {unknown}
 t - 3 scrolls of magic mapping {unknown}
 v - a scroll of blinking {unknown}
 D - a scroll of fear {unknown}
Potions
 e - 2 potions of mutation {unknown}
 g - 3 potions of degeneration {unknown}
 k - a potion of magic {unknown}
 p - a potion of cancellation {unknown}
 w - 2 potions of curing
 x - 2 potions of berserk rage {unknown}
 z - a potion of flight {unknown}
 A - a potion of stabbing {unknown}
 E - a potion of invisibility {unknown}
 G - a potion of ambrosia {unknown}
 I - a potion of brilliance {unknown}
 K - a potion of might {unknown}
Comestibles
 f - 10 rations


   Skills:
 + Level 5.7(5.4) Fighting
 + Level 8.6(8.4) Polearms
 - Level 1.7(1.5) Throwing
 + Level 6.0(5.8) Armour
 + Level 5.3(5.0) Dodging
 + Level 5.3(5.1) Stealth
 * Level 8.8(8.5) Invocations


You had 9 spell levels left.
You didn't know any spells.
Your spell library contained the following spells:

 Spells                   Type           Power        Failure   Level  Hunger
 Confusing Touch          Hex            #.......     89%         3    ####...
 Gell's Gravitas          Tloc           #.........   89%         3    ####...
 Petrify                  Tmut/Erth      #.......     100%        4    #####..
 Metabolic Englaciation   Hex/Ice        #.........   100%        5    ######.
 Yara's Violent Unravell  Hex/Tmut       #.........   100%        5    ######.


Dungeon Overview and Level Annotations

Branches:
Dungeon (9/15)             Temple (0/1) D:6            Lair (0/6) D:8
    Orc: D:9-12

Altars:
Ashenzari
Cheibriados
Kikubaaqudgha
Nemelex Xobeh
Ru
Uskayaw
Vehumet
Wu Jian
Xom
Zin
The Shining One

Shops:
D:4 [   D:5 [[*!}

Annotations:
D:9 2 transporters


Innate Abilities, Weirdness & Mutations

You have large cloven feet.
You have a pair of small horns on your head.
Your flesh is cold resistant. (rC+)
A weak demonic guardian rushes to your aid.


Message History

You see here an arrow.
You see here an arrow.
Key pressed, stopping explore.
No target in view!
You see here 2 arrows.
You see here an arrow.
You see here an arrow.
There is an escape hatch in the ceiling here.
Key pressed, stopping explore.
No target in view!
No target in view!
No target in view!
There is an open door here.
Found a stone staircase leading up.
The big kobold shouts!
You hear a shout!
The big kobold throws a stone.
The stone closely misses you.
You hear a shout!
A big kobold is nearby!
The big kobold throws a stone.
The stone barely misses you.
Are you sure you want to abandon this character and quit the game? (Confirm with "yes".)

#....# #.............
#....# #....######...
####....# #....# #...
........#####....# #...
..........K......# #...
.......###'#.....######...
.......#...#[)............
.......#...#.#####........
.......#.@.#.# #........
.......#...#.# #.#######
.♣.....#...#.# #.#......
......'(..#.# #.#......
..♣...#...#)#####.#......
......#####.......#......
<.................#######
.........................
..♣..............(.####..


You could see a big kobold.

Vanquished Creatures
  A two-headed ogre (D:9)
  A troll (D:9)
  A hornet (D:9)
  3 hippogriffs
  2 porcupines (D:8)
  5 orc warriors
  A slave (D:8)
  3 ogres
  A necrophage (D:8)
  A phantom (D:9)
  2 centaurs
  2 big kobolds (D:9)
  A gnoll sergeant (D:7)
  2 bullfrogs
  5 scorpions
  4 killer bees (D:9)
  3 wights (D:9)
  2 howler monkeys
  3 crimson imps
  A quasit (D:5)
  2 hounds (D:4)
  2 centaur zombies
  3 jellies
  2 centaur skeletons (D:9)
  4 orc priests
  6 orc wizards
  8 worker ants
  A hound skeleton (D:9)
  8 gnolls
  A howler monkey skeleton (D:8)
  7 adders
  2 shadow imps
  4 oozes
  An adder zombie (D:6)
  2 adder skeletons
  3 worms
  2 dart slugs
  2 leopard geckos
  35 orcs
  2 ball pythons (D:5)
  3 bats
  8 giant cockroaches
  3 goblins
  9 hobgoblins
  2 jackals (D:1)
  17 kobolds
  3 quokkas
  3 frilled lizards
  A jackal skeleton (D:4)
  A leopard gecko skeleton (D:5)
  A leopard gecko zombie (D:7)
  A quokka zombie (D:8)
  8 rats
201 creatures vanquished.

Vanquished Creatures (collateral kills)
  A two-headed ogre (D:9)
  Pikel (D:8)
  A slave (D:8)
  A phantom (D:7)
  A sky beast (D:7)
  2 centaurs
  A wight (D:9)
  2 howler monkeys (D:7)
  An orc priest (D:9)
  A hound (D:7)
  A bullfrog skeleton (D:3)
  An adder (D:3)
  4 gnolls
  4 orcs
  A kobold (D:3)
23 creatures vanquished.

Grand Total: 224 creatures vanquished

Notes
Turn   | Place    | Note
-------+----------+-------------------------------------------
     0 | D:1      | Exodus22XD the Demonspawn Gladiator began the quest for the
                  | Orb.
     0 | D:1      | Reached XP level 1. HP: 16/16 MP: 1/1
   248 | D:1      | Gained mutation: A weak demonic guardian rushes to your
                  | aid. [demonic ancestry]
   248 | D:1      | Reached XP level 2. HP: 22/22 MP: 2/2
   859 | D:2      | Reached XP level 3. HP: 27/27 MP: 3/3
   861 | D:2      | Reached skill level 1 in Armour
  1088 | D:2      | Found a sparkling altar of Nemelex Xobeh.
  1317 | D:2      | Reached XP level 4. HP: 33/33 MP: 4/4
  2099 | D:3      | Reached XP level 5. HP: 26/39 MP: 5/5
  2312 | D:3      | Found a shattered altar of Ashenzari.
  2313 | D:3      | Found a glowing golden altar of the Shining One.
  2320 | D:3      | Found a hide-covered altar of Uskayaw.
  2321 | D:3      | Found a glowing silver altar of Zin.
  2432 | D:3      | Became a worshipper of Uskayaw the Reveler
  2567 | D:3      | Found an ornate altar of the Wu Jian Council.
  2588 | D:3      | Reached * piety under Uskayaw
  2611 | D:3      | Reached skill level 1 in Invocations
  2958 | D:4      | Reached ** piety under Uskayaw
  3046 | D:4      | Found a shimmering altar of Xom.
  3049 | D:4      | Found a sparkling altar of Nemelex Xobeh.
  3049 | D:4      | Found a hide-covered altar of Uskayaw.
  3051 | D:4      | Found a radiant altar of Vehumet.
  3051 | D:4      | Found a sparkling altar of Nemelex Xobeh.
  3051 | D:4      | Found a hide-covered altar of Uskayaw.
  3154 | D:4      | Noticed an ogre
  3165 | D:4      | Killed an ogre
  3165 | D:4      | Reached XP level 6. HP: 46/46 MP: 5/7
  3165 | D:4      | Reached *** piety under Uskayaw
  3351 | D:4      | Reached **** piety under Uskayaw
  3452 | D:4      | Reached skill level 5 in Polearms
  3573 | D:4      | Found Elazut's Armour Boutique.
  3577 | D:4      | Bought a +0 pair of boots of stealth for 161 gold pieces
  3957 | D:5      | Entered Level 5 of the Dungeon
  3984 | D:5      | Found Kozavifro's Antique Armour Boutique.
  4034 | D:5      | Gained mutation: You have large cloven feet. [demonic
                  | ancestry]
  4034 | D:5      | Reached XP level 7. HP: 41/52 MP: 9/9
  4137 | D:5      | Found Saabadorgh's Distillery.
  4260 | D:5      | Reached skill level 1 in Stealth
  4609 | D:5      | Found Gohinka's Armour Shop.
  4812 | D:5      | Found Neocor's Gadget Boutique.
  4844 | D:5      | Found Cyryibif's Assorted Antiques.
  5276 | D:6      | Found a radiant altar of Vehumet.
  5400 | D:6      | Gained mutation: Your flesh is cold resistant. (rC+)
                  | [demonic ancestry]
  5400 | D:6      | Reached XP level 8. HP: 23/60 MP: 11/11
  5607 | D:6      | Found a staircase to the Ecumenical Temple.
  6560 | D:6      | Found a snail-covered altar of Cheibriados.
  6713 | D:7      | Reached skill level 5 in Invocations
  6717 | D:7      | Reached ***** piety under Uskayaw
  6750 | D:7      | HP: 2/60 [hound (6)]
  6767 | D:7      | HP: 3/60 [crimson imp (2)]
  7451 | D:7      | Noticed a hippogriff
  7464 | D:7      | Killed a hippogriff
  8112 | D:8      | Gained mutation: You have a pair of small horns on your
                  | head. [demonic ancestry]
  8112 | D:8      | Reached XP level 9. HP: 41/66 MP: 13/13
  8500 | D:8      | Reached skill level 5 in Armour
  8974 | D:8      | Found a staircase to the Lair.
  9092 | D:8      | Noticed Pikel
  9165 | D:8      | Killed Pikel
  9165 | D:8      | Reached skill level 5 in Fighting
  9819 | D:9      | Noticed a troll
  9836 | D:9      | Killed a troll
  9989 | D:9      | Noticed a two-headed ogre
 10239 | D:9      | Found a sacrificial altar of Ru.
 10332 | D:9      | Killed a two-headed ogre
 10332 | D:9      | Reached skill level 5 in Dodging
 10332 | D:9      | Reached XP level 10. HP: 59/74 MP: 14/16
 10370 | D:9      | Noticed a two-headed ogre
 10372 | D:9      | Found a transporter.
 10385 | D:9      | Killed a two-headed ogre
 11163 | D:9      | Found an ancient bone altar of Kikubaaqudgha.
 11172 | D:9      | Reached skill level 5 in Stealth
 11247 | D:9      | Found a transporter.
 11320 | D:9      | Paralysed by a hornet for 3 turns
 11332 | D:9      | Paralysed by a hornet for 1 turns
 11884 | D:9      | Quit the game

Illustrated notes

Levels and vault maps discovered:
D:1:      dpeg_arrival_round_a, layout_basic, minivault_4
D:2:      lemuel_upstairs_altar, layout_basic, nemelex_diamond_rough_becter
D:3:      layout_basic, lemuel_doored_altar, old_standard_altar,
          chequers_temple_overflow_statue_of_worship, grunt_decor_cap
D:4:      layout_rooms, serial_shops, shop_fountains,
          chequers_ossuary_entry_cave, hangedman_abyss_or_decor_passed,
          doesnt_xom_only_xom
D:5:      layout_cave_pods, first_ration, serial_shops, kennysheep_mini_moat,
          nicolae_shop_behind_doors, shop, kennysheep_mini, shop,
          kennysheep_small_circle
D:6:      layout_cave_pods, vehumet_crystals, kennysheep_little_box,
          minmay_temple_entry_statues_fountains
D:7:      kennysheep_six_static_rooms, layout_cave_pools
D:8:      layout_basic, grunt_lair_entry_orc_guard_hut, uniq_pikel
D:9:      gammafunk_cloud_chamber, layout_irregular_city,
          kiku_gazebo_pond_becter, marbit_many_paths, grunt_ministairs_2

Skill      XL: |  1  2  3  4  5  6  7  8  9 10 |
---------------+-------------------------------+-----
Polearms       | 3 4 5 7 8 |  8.6
Dodging        | 3 4 5 |  5.3
Armour         | 1 2 3 4 5 6 |  6.0
Invocations    | 1 2 4 6 8 |  8.8
Fighting       | 3 4 5 |  5.7
Stealth        | 1 2 4 5 |  5.3
Throwing       | |  1.7

Action                   |  1- 3 |  4- 6 |  7- 9 | 10-12 || total
-------------------------+-------+-------+-------+-------++-------
Melee: Trident           |    86 |   263 |   236 |       ||   585
       Spear             |       |       |   294 |   144 ||   438
       Headbutt          |       |       |    54 |    39 ||    93
Invok: Line Pass         |       |       |     1 |       ||     1
       Stomp             |       |       |       |     1 ||     1
  Use: Scroll            |       |     1 |     1 |     1 ||     3
       Potion            |       |     1 |       |     5 ||     6
 Stab: Paralysed         |       |     2 |    13 |     5 ||    20
       Sleeping          |       |     1 |     9 |     1 ||    11
       Distracted        |       |       |     1 |     3 ||     4
  Eat: Chunk             |     1 |     9 |    17 |     3 ||    30
       Ration            |       |       |     1 |     1 ||     2
Armor: Leather armour    |    11 |       |       |       ||    11
       Ring mail         |     3 |    82 |   137 |    33 ||   255
Dodge: Dodged            |    48 |   151 |   254 |    72 ||   525
